 Dungeon Crawl Stone Soup version 0.25-a0-42-g6c54e25894 (webtiles) character file.

Game seed: 7941408997331062063, levelgen mode: deterministic

62 Ruokin the Slasher (level 4, 0/37 HPs)
             Began as a Human Chaos Knight on Oct 23, 2019.
             Was a Plaything of Xom.
             Slain by an ooze (1 damage)
             ... on level 5 of the Dungeon.
             The game lasted 00:03:59 (946 turns).

Ruokin the Slasher (Human Chaos Knight)              Turns: 946, Time: 00:03:59

Health: 0/37       AC:  5    Str: 14    XL:     4   Next: 28%
Magic:  4/4        EV: 11    Int: 12    God:    Xom [...*..]
Gold:   29         SH:  0    Dex: 12    Spells: 3/3 levels left

rFire    . . .     SeeInvis .   a - +0 falchion (chaos)
rCold    . . .     Gourm    .   (no shield)
rNeg     . . .     Faith    .   b - +2 leather armour
rPois    .         Spirit   .   (no helmet)
rElec    .         Reflect  .   (no cloak)
rCorr    .         Harm     .   (no gloves)
MR       .....                  (no boots)
Stlth    +.........             (no amulet)
HPRegen  0.12/turn              (no ring)
MPRegen  0.09/turn              (no ring)

@: no status effects
A: no striking features
a: Renounce Religion


You were on level 5 of the Dungeon.
You worshipped Xom.
You were a favourite toy of Xom.
You were not hungry.

You visited 1 branch of the dungeon, and saw 5 of its levels.

You collected 29 gold pieces.

Inventory:

Hand Weapons
 a - a +0 falchion of chaos (weapon)
Armour
 b - a +2 leather armour (worn)
 d - a +0 ring mail
Scrolls
 f - a scroll of enchant armour {unknown}
Potions
 e - a potion of curing {unknown}
Comestibles
 c - 3 rations


   Skills:
 + Level 3.7 Fighting
 + Level 3.8 Long Blades
 + Level 2.2 Armour
 + Level 1.6 Dodging
 + Level 0.1 Stealth


You had 3 spell levels left.
You didn't know any spells.
Your spell library was empty.

Dungeon Overview and Level Annotations

Branches:
Dungeon (5/15)
 Temple: D:4-7

Altars:


Message History

The ooze hits you.
* * * LOW HITPOINT WARNING * * *
The ooze barely misses you.
Found a spear.
The ooze closely misses you.
Found 3 scrolls labeled SEIHAI XAID.
The ooze barely misses you.
Found 10 gold pieces.
The ooze hits you but does no damage.
The ooze jiggles.
The ooze barely misses you. The ooze hits you.
* * * LOW HITPOINT WARNING * * *
An ogre comes into view. It is wielding a +0 giant club.
The ogre shouts!
You hit the ooze.
The ooze is heavily wounded.
The ogre closely misses you. The ooze hits you.
You die...
Xom giggles madly!

...# .# ...
.# ... .#
#.########.##
#$#?......#.#
#..........#
..#.######.#
#.#.#
#.#######
#.#.#
#.....J@#
#.#.#
######O#.#
#.#.# #.###.#
#.#.# #.# #.#
#.#.# ..# #..
... ### ##. #


You could see an ogre and an ooze.

Vanquished Creatures
  A bullfrog skeleton (D:5)
  A gnoll (D:1)
  An ooze (D:1)
  A dart slug (D:1)
  A leopard gecko (D:1)
  3 goblins
  2 hobgoblins (D:1)
  2 kobolds
  2 bats (D:1)
  3 frilled lizards (D:1)
  2 rats (D:1)
19 creatures vanquished.

Notes
Turn   | Place    | Note
-------+----------+-------------------------------------------
     0 | D:1      | Ruokin the Human Chaos Knight began the quest for the Orb.
     0 | D:1      | Reached XP level 1. HP: 18/18 MP: 1/1
   180 | D:1      | Reached XP level 2. HP: 23/24 MP: 2/2
   218 | D:1      | XOM: harmless Tmut miscast
   261 | D:1      | HP: 1/24 [rat (1)]
   579 | D:1      | Reached XP level 3. HP: 17/29 MP: 3/3
   655 | D:1      | XOM: harmless Hex miscast
   729 | D:3      | XOM: silly message
   737 | D:3      | Noticed a boggart
   737 | D:3      | an ooze changed into a boggart
   737 | D:3      | XOM: polymorph ooze -> boggart
   764 | D:3      | XOM: enchant monster (bad)
   808 | D:3      | XOM: divine lightning
   817 | D:3      | Noticed an ogre
   820 | D:3      | XOM: enchant monster (bad)
   827 | D:3      | HP: 1/29 [boggart (4)]
   834 | D:3      | HP: 1/29 [bat (1)]
   835 | D:3      | XOM: 4-stop teleportation journey
   853 | D:4      | XOM: repel stairs
   874 | D:5      | Entered Level 5 of the Dungeon
   900 | D:5      | HP: 1/29 [bullfrog skeleton (4)]
   901 | D:5      | Reached XP level 4. HP: 1/37 MP: 4/4
   908 | D:5      | HP: 1/37 [ooze (1)]
   940 | D:5      | HP: 1/37 [ooze (4)]
   944 | D:5      | Noticed an ogre
   946 | D:5      | Slain by an ooze

Levels and vault maps discovered:
D:1:      saegor_arrival_miasma, layout_loops_ring, hex_large,
          minmay_tromino_v4_c
D:2:      layout_basic, nemelex_xobeh_ov_fountains_minmay, minivault_23,
          nicolae_ru_awakened_eye
D:3:      layout_loops_cross, first_ration, chequers_garden, amethyst_killhole
D:4:      layout_cave_pods
D:5:      layout_loops_ring, uniq_eustachio

Action                   |  1- 3 |  4- 6 || total
-------------------------+-------+-------++-------
Melee: Falchion          |    60 |     1 ||    61
Armor: Leather armour    |    66 |     1 ||    67
Dodge: Dodged            |   114 |     6 ||   120
       Rpst.: Falchion   |    34 |       ||    34

Table legend:
 A = Non-vault XP
 B = Vault XP
 C = Vault XP percentage of total XP
 D = Non-vault monster count
 E = Vault monster count
 F = Vault count percentage of total count
                 A         B        C        D         E       F
            +---------+---------+-------+---------+---------+-------
      Total |      86 |       3 |   3.4 |      17 |       2 |  10.5
            +---------+---------+-------+---------+---------+-------
        D:1 |      43 |       3 |   6.5 |      14 |       2 |  12.5
        D:3 |       4 |       0 |   0.0 |       2 |       0 |   0.0
        D:5 |      39 |       0 |   0.0 |       1 |       0 |   0.0
            +---------+---------+-------+---------+---------+-------
